Map: Winter Madness LE

Players

ShoWTimE - Winner!

  • Race: Protoss Protoss
  • League: Master
  • Spawn Location: 5:00

LiquidClem (Clem)

  • Race: Terran Terran
  • League: Grandmaster
  • Spawn Location: 11:00

VOD

Have the link to the VOD?

Description

Time

  • Played on: Feb. 1, 2026, 5:21 p.m.
  • Length: 23:13
Show
View Real Time Build Order
Export as new Build Order

ShoWTimE Protoss - Winner!

Build Orders: 1 Gate Expand, Zealot Archon 

Get SALT Encoding   

  12  0:00  Probe  
  13  0:12  Probe  
  14  0:16  Pylon  
  14  0:23  Probe  
  15  0:31  Probe  
  15  0:36  Gateway  
  15  0:40  Probe  
  16  0:45  Assimilator  
  17  0:50  Probe  
  18  1:03  Probe  
  19  1:15  Probe  
  20  1:23  Cybernetics Core  
  20  1:32  Nexus  
  20  1:34  Probe  
  21  1:41  Pylon  
  21  1:46  Probe  
  22  1:49  Adept  
  22  1:51  Assimilator  
  22  1:58  Probe  
  18  2:01  Warp Gate  
  25  2:09  Adept  
  25  2:10  Probe  
  29  2:22  Probe  
  29  2:29  Robotics Facility  
  29  2:34  Probe  
  30  2:40  Stalker  
  30  2:41  Probe  
  32  2:47  Probe  
  32  2:49  Probe  
  34  2:58  Gateway  
  35  2:59  Probe x2  
  37  3:11  Probe x2  
  39  3:14  Gateway  
  39  3:15  Observer  
  39  3:18  Pylon  
  40  3:23  Probe x2  
  42  3:33  Observer, Assimilator  
  43  3:35  Probe x2  
  43  3:36  Twilight Council  
  43  3:40  Assimilator  
  45  3:47  Probe x2  
  47  3:50  Stalker  
  47  3:52  Stalker  
  51  3:57  Pylon  
  51  3:59  Probe  
  51  4:00  Probe  
  53  4:05  Charge  
  53  4:11  Probe  
  53  4:15  Pylon, Probe  
  53  4:16  Stalker  
  57  4:22  Stalker  
  57  4:23  Probe  
  60  4:27  Probe  
  61  4:32  Templar Archives  
  61  4:36  Gateway  
  61  4:37  Warp Prism  
  60  4:49  Psionic Storm  
  62  4:58  Pylon  
  62  5:00  Nexus  
  62  5:10  High Templar  
  64  5:16  Gateway  
  64  5:19  Gateway  
  64  5:20  High Templar  
  66  5:27  Probe  
  66  5:28  Probe  
  68  5:31  Gateway  
  68  5:34  Gateway  
  68  5:37  High Templar  
  68  5:38  Zealot  
  68  5:41  Probe x2  
  74  5:43  Pylon  
  74  5:47  High Templar  
  76  5:54  Probe x2  
  78  6:02  High Templar, Pylon, Shield Battery x2  
  79  6:05  Zealot, Blink  
  79  6:10  Zealot  
  83  6:17  Zealot x2  
  87  6:23  Zealot  
  89  6:26  Forge  
  89  6:27  Probe x2  
  89  6:31  Probe  
  89  6:32  Archon  
  92  6:35  Zealot x2  
  92  6:37  Sentry  
  92  6:39  Probe x2  
  100  6:43  Probe  
  100  6:46  High Templar  
  103  6:51  Probe x2  
  104  6:54  Pylon  
  104  6:55  Probe  
  104  6:57  Zealot x2  
  109  7:11  Protoss Ground Weapons Level 1, Probe  
  109  7:12  Probe  
  109  7:15  Zealot x5  
  114  7:18  Probe  
  107  7:22  High Templar x2  
  107  7:23  Probe  
  107  7:25  Probe  
  113  7:30  Probe, Pylon  
  113  7:35  Probe  
  115  7:39  Zealot  
  117  7:47  Pylon  
  117  7:48  High Templar, Zealot x3  
  125  7:52  Archon  
  125  7:58  Pylon  
  125  8:05  Probe x3  
  125  8:06  Pylon, Stalker x2  
  132  8:17  Pylon  
  132  8:18  Pylon  
  132  8:19  High Templar  
  134  8:20  Zealot x3  
  130  8:33  Zealot x4  
  104  8:42  Zealot x3  
  104  8:45  Protoss Ground Weapons Level 2  
  110  8:50  Probe x2  
  110  8:52  Zealot  
  106  8:59  Stalker x4  
  106  9:01  Probe  
  115  9:05  Gateway  
  115  9:07  Gateway, Stalker x3  
  115  9:13  Zealot  
  109  9:17  Archon  
  97  9:30  High Templar x2  
  89  9:36  Zealot x6  
  97  9:48  Probe x2  
  97  9:52  Nexus  
  98  9:55  Pylon  
  98  10:00  High Templar x2  
  98  10:01  Zealot x5  
  98  10:02  Zealot  
  114  10:07  Zealot x2  
  115  10:24  Stalker x2  
  115  10:25  Stalker  
  121  10:38  Zealot x7  
  135  10:44  Robotics Bay  
  135  10:47  Probe  
  135  10:49  Probe x2  
  138  10:51  Zealot x3  
  138  10:53  Pylon  
  138  11:04  Archon  
  134  11:06  High Templar x2  
  134  11:07  Zealot x5  
  148  11:12  Protoss Ground Weapons Level 3  
  144  11:23  Zealot x3  
  144  11:24  Probe x2  
  144  11:25  Probe, Assimilator  
  149  11:26  Assimilator  
  149  11:31  Zealot x5  
  157  11:36  Colossus, Extended Thermal Lance  
  157  11:41  Probe  
  164  11:48  Probe x2  
  164  11:51  Pylon  
  166  11:55  Probe  
  166  11:59  Pylon  
  167  12:03  High Templar  
  167  12:04  Zealot x3  
  175  12:14  Stalker x3  
  175  12:15  Zealot  
  175  12:18  Colossus  
  165  12:23  Stalker x2  
  157  12:32  Zealot x3  
  163  12:38  Zealot x3  
  169  12:49  Stalker x3  
  175  12:56  Nexus  
  175  12:58  Probe x2  
  177  12:59  Probe  
  177  13:00  High Templar  
  177  13:01  High Templar  
  177  13:05  Sentry  
  184  13:07  Stalker  
  184  13:12  Probe x3  
  189  13:13  Probe  
  189  13:16  Stalker x2  
  189  13:19  Colossus  
  190  13:20  Zealot x2  
  200  13:40  Gravitic Drive  
  200  13:46  Protoss Ground Armor Level 1  
  200  13:48  Gateway  
  200  13:49  Gateway  
  200  13:52  Gateway  
  200  14:01  Robotics Facility  
  194  14:10  Colossus  
  194  14:16  Archon  
  180  14:18  Zealot x2  
  180  14:22  High Templar x2  
  190  14:25  Stalker x2  
  190  14:28  Probe x3  
  190  14:29  Probe  
  190  14:31  Forge  
  198  14:41  Nexus  
  198  14:45  Pylon  
  196  14:52  Warp Prism  
  196  14:58  Zealot  
  200  15:02  Gateway  
  200  15:03  Gateway  
  200  15:04  Gateway  
  196  15:09  Pylon  
  196  15:13  Archon  
  196  15:14  High Templar x3  
  196  15:15  Colossus x2  
  198  15:21  High Templar  
  182  15:29  Zealot x5  
  182  15:30  Zealot x4  
  144  15:48  Zealot x5  
  144  15:49  Zealot  
  140  15:54  Colossus  
  140  15:56  Stalker x4  
  140  15:57  Stalker, Zealot  
  150  16:00  Zealot  
  150  16:03  Sentry  
  150  16:04  Zealot x2  
  166  16:11  Protoss Ground Armor Level 2  
  166  16:12  Stalker x3  
  166  16:13  Zealot x3  
  174  16:26  High Templar  
  174  16:28  Archon  
  174  16:30  Zealot x8  
  174  16:31  Protoss Shields Level 1  
  192  16:40  Zealot x3  
  197  16:57  High Templar  
  197  17:00  Pylon  
  199  17:19  Nexus  
  199  17:20  Photon Cannon x2  
  199  17:23  Photon Cannon  
  199  17:26  High Templar  
  199  17:27  Assimilator  
  199  17:28  Pylon  
  199  17:32  Assimilator, Nexus  
  199  17:35  Stalker  
  200  17:42  Pylon, Colossus  
  194  17:53  Colossus  
  194  17:57  Zealot x6  
  194  17:58  High Templar, Zealot x7  
  149  18:08  Stalker  
  149  18:10  Zealot  
  146  18:21  Stalker x3  
  146  18:22  Zealot x6  
  146  18:23  Zealot x2  
  168  18:33  Stalker x2, Assimilator  
  172  18:35  Zealot x3  
  172  18:37  Assimilator  
  172  18:39  Probe  
  179  18:48  Colossus  
  177  18:49  Zealot x10  
  177  18:54  Pylon  
  183  18:58  Pylon  
  167  19:06  Zealot x5  
  167  19:08  Probe x2  
  167  19:09  Warp Prism, Probe  
  179  19:10  Probe  
  179  19:11  Protoss Ground Armor Level 3  
  179  19:12  High Templar  
  181  19:17  Stalker x2  
  181  19:21  Probe x2  
  181  19:22  Probe x2  
  191  19:24  Zealot x3  
  197  19:42  Stalker x2, Zealot  
  199  19:59  Pylon  
  199  20:00  Nexus  
  199  20:12  Colossus  
  191  20:14  Nexus  
  191  20:16  Colossus  
  197  20:23  Zealot  
  197  20:35  Zealot  
  197  20:44  Pylon  
  197  20:51  High Templar  
  197  20:54  Nexus  
  197  20:55  Pylon  
  193  21:15  Zealot x2  
  193  21:16  Zealot  
  199  21:25  Unknown  
  199  21:27  Photon Cannon  
  199  21:30  Photon Cannon  
  199  21:38  Photon Cannon  
  195  21:42  Zealot x2  
  199  21:53  Pylon  
  191  22:01  High Templar x2, Zealot x7  
  199  22:18  Photon Cannon  
  199  22:20  Shield Battery  
  199  22:23  Pylon  
  199  22:34  Stalker x2  
  197  22:37  Stalker  
  197  22:38  Stalker x3  
  197  22:41  Stalker x2  
  199  22:49  Zealot  
  195  22:54  Archon  
  195  22:55  Zealot x2  
  195  22:56  Zealot x4, High Templar  
  181  23:01  Zealot x2  
Show
View Real Time Build Order
Export as new Build Order

LiquidClem Terran 

Build Orders: Cyclone Opening 

Get SALT Encoding   

  12  0:00  SCV  
  13  0:12  SCV  
  14  0:17  Supply Depot  
  14  0:24  SCV  
  15  0:38  SCV  
  15  0:39  Barracks  
  15  0:42  Refinery  
  16  0:50  SCV  
  17  1:02  SCV  
  18  1:14  SCV  
  19  1:26  Orbital Command  
  20  1:34  Command Center  
  20  1:38  Marine  
  20  1:49  Factory  
  20  1:52  SCV  
  21  1:58  Barracks Tech Lab  
  21  2:03  Supply Depot  
  21  2:06  SCV  
  22  2:12  Refinery  
  22  2:18  SCV  
  23  2:27  Marine  
  24  2:30  SCV  
  25  2:38  Cyclone  
  25  2:42  SCV  
  29  2:45  Marine  
  30  2:51  Orbital Command  
  30  2:53  Starport  
  30  2:55  SCV  
  31  2:58  Supply Depot  
  31  3:07  SCV  
  31  3:10  Barracks Reactor, Widow Mine  
  34  3:17  SCV  
  34  3:19  SCV  
  36  3:23  Barracks  
  36  3:29  Medivac, SCV  
  36  3:31  SCV  
  40  3:34  Supply Depot  
  40  3:41  SCV  
  40  3:43  SCV  
  40  3:45  Barracks  
  40  3:46  Marine  
  40  3:47  Marine  
  44  3:55  SCV x2  
  46  3:58  Supply Depot  
  46  4:03  Factory Tech Lab, Marine  
  46  4:04  Marine  
  46  4:07  SCV  
  49  4:10  SCV  
  49  4:11  Engineering Bay  
  49  4:12  Raven  
  49  4:15  Marine  
  49  4:16  Refinery  
  53  4:19  SCV  
  53  4:22  SCV  
  53  4:23  Siege Tank  
  56  4:31  SCV, Supply Depot  
  57  4:32  Marine  
  57  4:33  Marine  
  57  4:34  SCV  
  60  4:38  Marine x2  
  60  4:43  SCV  
  63  4:46  SCV  
  63  4:51  Terran Infantry Weapons Level 1, Supply Depot  
  63  4:52  Marine  
  65  4:55  Refinery, Starport Reactor  
  65  4:56  SCV  
  65  4:59  SCV  
  67  5:02  Marine  
  67  5:04  Factory Reactor  
  68  5:08  SCV, Combat Shield  
  68  5:09  Marauder  
  68  5:11  SCV  
  68  5:12  Marauder  
  68  5:13  Supply Depot  
  74  5:20  Supply Depot  
  74  5:21  Marine x2  
  74  5:24  Stimpack  
  76  5:30  SCV x2, Marauder  
  76  5:33  Medivac  
  82  5:38  Command Center  
  82  5:44  Medivac, Supply Depot  
  82  5:47  Marine x2  
  82  5:49  Marauder  
  88  5:52  Widow Mine  
  88  5:54  Widow Mine  
  88  5:56  Marauder  
  94  6:01  Supply Depot  
  94  6:05  Marine x2  
  94  6:06  Medivac  
  94  6:11  Marauder  
  100  6:15  SCV x2  
  99  6:19  Widow Mine x2  
  99  6:24  Marine  
  101  6:27  SCV x2  
  101  6:28  Marine  
  106  6:32  Marauder  
  106  6:37  Marauder  
  106  6:39  SCV  
  109  6:40  Concussive Shells  
  109  6:42  SCV  
  109  6:45  Terran Infantry Armor Level 1  
  110  6:48  Marine x2  
  110  6:49  Supply Depot  
  115  6:54  Marauder  
  115  6:57  SCV  
  115  6:58  Widow Mine  
  115  6:59  Widow Mine  
  119  7:02  SCV  
  119  7:06  Marauder  
  115  7:09  Medivac x2  
  115  7:11  Marine x2  
  121  7:17  Marauder, SCV  
  115  7:23  Widow Mine x2  
  115  7:29  SCV  
  117  7:30  SCV, Barracks  
  117  7:31  Barracks  
  117  7:33  Orbital Command  
  118  7:39  Liberator  
  118  7:40  Marine x2  
  123  7:45  Supply Depot, SCV x2  
  123  7:50  Supply Depot  
  123  7:51  Marauder  
  127  7:57  SCV x2  
  127  7:58  Liberator  
  132  8:02  SCV, Supply Depot  
  132  8:04  Marine x2  
  135  8:08  Widow Mine  
  135  8:09  SCV, Widow Mine  
  135  8:10  SCV  
  140  8:13  Marauder  
  140  8:14  SCV  
  140  8:19  Armory  
  143  8:21  Engineering Bay, SCV  
  143  8:26  Barracks Tech Lab x2, Marine x2  
  138  8:28  Marine  
  138  8:31  Widow Mine, Hellion  
  138  8:33  SCV  
  126  8:34  Marine  
  126  8:39  Medivac  
  116  8:46  Marauder  
  116  8:48  Marine, Marauder x2  
  114  8:50  Liberator  
  114  8:52  Marine  
  114  8:53  Marauder  
  120  8:57  Widow Mine x2  
  120  9:06  SCV  
  120  9:07  Marauder  
  120  9:08  Marine  
  120  9:09  Marine, Marauder  
  114  9:11  Orbital Command, Medivac  
  114  9:12  Marine  
  114  9:13  Marine  
  110  9:19  Widow Mine  
  110  9:21  Widow Mine  
  106  9:24  SCV  
  106  9:25  SCV  
  106  9:26  Marine  
  96  9:32  Marauder x2  
  96  9:33  Marauder, Marine  
  96  9:36  SCV  
  96  9:37  SCV  
  96  9:38  SCV  
  97  9:39  Marine  
  97  9:40  Widow Mine  
  97  9:43  Medivac  
  102  9:48  SCV, Marine  
  102  9:49  SCV  
  102  9:50  SCV  
  106  9:54  Marauder  
  106  9:56  Terran Infantry Weapons Level 2  
  108  10:00  SCV  
  108  10:01  Marine, SCV  
  108  10:02  Refinery, SCV  
  108  10:03  Refinery, Marauder  
  108  10:06  Marine, Marauder  
  115  10:11  Widow Mine x2  
  115  10:12  SCV  
  115  10:13  SCV  
  121  10:15  Marine, Marauder  
  121  10:21  Ghost Academy  
  124  10:22  Marine  
  124  10:25  SCV, Medivac  
  124  10:27  Marauder  
  124  10:28  Marauder  
  130  10:30  Marauder  
  130  10:35  Marine  
  132  10:36  Marauder  
  132  10:39  Marine  
  136  10:43  SCV  
  136  10:49  Marauder, Command Center  
  139  10:53  Supply Depot  
  139  10:54  Medivac  
  141  11:02  Widow Mine x2  
  141  11:03  Medivac  
  142  11:04  Marine  
  142  11:05  Marine  
  142  11:08  Ghost  
  143  11:11  Ghost  
  143  11:14  Terran Infantry Armor Level 2  
  143  11:16  Marauder  
  145  11:19  Supply Depot  
  145  11:20  Marauder  
  145  11:24  Medivac, Marine x2  
  147  11:36  Ghost  
  147  11:39  Supply Depot  
  151  11:40  Marauder  
  151  11:41  Marauder  
  151  11:42  SCV x3  
  151  11:44  Marine  
  155  11:47  Marauder  
  155  11:50  Starport  
  155  11:51  Bunker  
  155  11:53  Marine  
  158  11:54  Medivac  
  158  11:56  Viking  
  158  11:58  Orbital Command  
  158  12:01  Ghost  
  162  12:02  Marine  
  162  12:05  Marauder x2  
  168  12:12  Marauder  
  168  12:14  SCV  
  149  12:16  SCV  
  147  12:24  Marine x2  
  147  12:26  SCV, Marauder  
  152  12:30  SCV  
  152  12:31  SCV  
  152  12:33  Marauder  
  156  12:38  SCV  
  156  12:41  Ghost  
  156  12:42  SCV  
  156  12:43  SCV  
  161  12:48  Terran Infantry Weapons Level 3  
  161  12:50  SCV  
  162  12:55  SCV  
  162  12:56  Planetary Fortress  
  163  12:59  SCV  
  163  13:02  Marine x2  
  166  13:05  Viking  
  166  13:08  Viking  
  166  13:11  SCV x2  
  172  13:13  SCV  
  172  13:16  Ghost  
  171  13:22  Marauder  
  171  13:23  Marauder  
  171  13:25  Marine x2  
  177  13:30  Liberator  
  177  13:33  Marauder  
  178  13:38  Viking  
  178  13:39  SCV x2  
  178  13:40  SCV  
  182  13:42  SCV  
  182  13:46  Marine x2, Refinery  
  184  13:51  Marauder  
  186  13:56  Terran Infantry Armor Level 3  
  182  14:04  Marauder  
  182  14:05  Marauder  
  182  14:06  Marauder  
  182  14:08  Marine  
  187  14:13  Viking  
  188  14:18  Marauder, Marine  
  183  14:25  Marauder, Viking x2  
  183  14:31  Viking  
  190  14:32  Marine  
  190  14:33  Marauder  
  190  14:37  Ghost  
  195  14:42  Marine  
  195  14:43  Viking  
  195  14:44  Marauder  
  194  14:48  Marauder  
  192  14:54  Marine  
  190  15:01  Viking  
  190  15:03  Marine  
  190  15:05  Marauder  
  196  15:07  Marauder  
  196  15:10  Marauder  
  190  15:27  Marine x2  
  190  15:28  Marauder  
  181  15:31  Marauder  
  181  15:33  Medivac  
  181  15:34  Medivac  
  181  15:35  Medivac  
  157  15:44  SCV  
  157  15:45  Marine x2  
  157  15:46  Medivac  
  157  15:49  Marauder  
  163  15:50  SCV  
  163  15:51  Refinery  
  163  15:52  Refinery, SCV  
  164  15:58  Marauder  
  166  16:05  Barracks  
  166  16:06  Barracks  
  166  16:12  Supply Depot  
  166  16:17  Marauder  
  168  16:19  Medivac  
  168  16:24  Medivac  
  169  16:25  Marauder  
  169  16:29  SCV  
  170  16:33  Supply Depot  
  170  16:34  SCV  
  170  16:39  Viking  
  171  16:40  Marine  
  171  16:41  Marine  
  171  16:45  Marauder  
  174  16:49  Viking  
  176  16:54  Barracks Tech Lab x2  
  176  16:58  Ghost  
  178  17:02  Supply Depot  
  178  17:07  Marine x2  
  179  17:10  Viking  
  181  17:18  Viking x2  
  185  17:26  Ghost  
  185  17:29  Marauder  
  189  17:32  Marine x2  
  193  17:37  Marauder  
  193  17:42  Marauder  
  150  17:44  Viking  
  192  17:55  Marauder  
  192  17:58  Marauder  
  170  18:02  Marine  
  153  18:09  Ghost  
  153  18:12  Medivac  
  157  18:15  Marine  
  154  18:20  Medivac  
  154  18:22  Marine  
  154  18:26  Marauder  
  154  18:27  Marauder  
  160  18:34  Orbital Command  
  160  18:39  Medivac, Marine  
  160  18:40  Marauder  
  165  18:41  Marauder  
  165  18:42  Marine  
  165  18:47  Marauder  
  163  18:53  Marauder  
  152  18:59  Marine  
  152  19:01  Marauder  
  152  19:02  Marauder  
  144  19:07  Marine  
  144  19:08  Ghost  
  147  19:11  SCV x2  
  147  19:12  SCV  
  147  19:14  Marauder  
  152  19:18  Marine  
  152  19:19  Medivac  
  152  19:24  Marauder  
  157  19:27  Medivac  
  157  19:28  Marine  
  160  19:32  Marauder  
  160  19:35  Marauder  
  164  19:38  Marauder  
  164  19:39  Marine  
  164  19:45  Marauder  
  167  19:47  Marine  
  167  19:52  Ghost  
  168  19:59  Marine  
  171  20:00  Command Center  
  171  20:03  Marauder  
  171  20:07  Marine  
  173  20:11  Medivac  
  173  20:13  Marauder  
  173  20:14  Marauder  
  180  20:19  Medivac  
  174  20:24  Marine  
  172  20:30  Medivac  
  172  20:31  Marauder x2, Marine  
  172  20:34  Marine  
  171  20:37  Medivac, Refinery  
  171  20:39  Refinery  
  171  20:42  Marauder  
  175  20:45  Marine  
  176  20:52  Marauder x2  
  176  20:53  Barracks  
  176  20:54  Barracks  
  176  20:55  Barracks  
  176  20:56  Medivac  
  182  20:57  Marine  
  180  21:05  Viking  
  180  21:10  Viking, Marauder  
  182  21:11  Marauder  
  182  21:16  Viking  
  183  21:19  Marine x2  
  183  21:24  Ghost  
  187  21:27  Marauder  
  189  21:38  Medivac  
  189  21:41  Medivac  
  189  21:42  Medivac  
  195  21:47  Marauder  
  195  21:48  Marine  
  195  21:52  Marine  
  195  21:54  Marauder  
  196  21:56  Marauder  
  196  21:57  Marauder  
  195  22:03  Marine x2  
  197  22:10  Supply Depot  
  196  22:32  Medivac, Viking  
  196  22:34  Ghost  
  196  22:40  Medivac x2  
  196  22:44  Marine  
  186  22:54  Marine x2  
Tags
 
Add a new tag
Caveats
  • Supply blocks, unpowered buildings, or Contaminate may cause inaccurate times.
  • Supply counts are checked every 10 seconds.